 Dungeon Crawl Stone Soup version 0.29-a0-384-g6960b1960d (webtiles) character file.

Game seed: 593916148069840689

554 HendSelp the Slasher (level 7, -4/41 HPs)
             Began as a Tengu Monk on May 6, 2022.
             Slain by Duvessa
             ... wielding a +0 short sword
              (7 damage)
             ... on level 7 of the Dungeon.
             The game lasted 00:03:35 (4448 turns).

HendSelp the Slasher (Tengu Monk)                   Turns: 4448, Time: 00:03:35

Health: -4/41      AC:  2    Str: 11    XL:     7   Next: 30%
Magic:  20/20      EV: 18    Int: 10    God:
Gold:   179        SH:  0    Dex: 19    Spells: 10/10 levels left

rFire   . . .      SeeInvis .   f - +0 long sword
rCold   . . .      Faith    .   (no shield)
rNeg    . . .      Spirit   .   b - +0 robe
rPois   .          Reflect  .   (helmet restricted)
rElec   .          Harm     .   (no cloak)
rCorr   .          Rampage  .   (no gloves)
Will    .....                   (boots unavailable)
Stlth   ++........              (no amulet)
HPRegen 0.13/turn               h - ring of wizardry
MPRegen 0.17/turn               i - ring of magical power

@: flying quickly and evasively, studying Fighting, invisible, quick
A: beak, talons 3, nimble flight
a: no special abilities


You were on level 7 of the Dungeon.
You visited 1 branch of the dungeon, and saw 5 of its levels.

You collected 179 gold pieces.

Inventory:

Hand Weapons
 f - a +0 long sword (weapon)
Armour
 b - a +0 robe (worn)
Jewellery
 h - a ring of wizardry (left hand)
 i - a ring of magical power (right hand)
 j - a ring of poison resistance
Scrolls
 e - a scroll of enchant weapon
Potions
 a - 2 potions of attraction
 d - a potion of flight
 n - a potion of magic {unknown}


   Skills:
 - Level 3.0 Fighting
 + Level 7.0 Long Blades
 + Level 5.5 Dodging
 - Level 2.0 Stealth
 * Level 2.3 Spellcasting


You had 10 spell levels left.
You didn't know any spells.
Your spell library contained the following spells:

 Spells                   Type           Power      Damage    Failure   Level
 Summon Small Mammal      Summ           4%         N/A       12%         1
 Call Canine Familiar     Summ           1%         N/A       32%         3
 Summon Guardian Golem    Hex/Summ       1%         N/A       32%         3
 Hailstorm                Conj/Ice       1%         3d3       71%         4
 Ice Form                 Ice/Tmut       1%         N/A       71%         4
 Simulacrum               Ice/Necr       0%         N/A       100%        6


Dungeon Overview and Level Annotations

Branches:
Dungeon (4/15)
 Temple: D:4-7

Altars:
Dithmenos
The Shining One

Shops:
D:2 *

Annotations:
D:7 Dowan, Duvessa


Innate Abilities, Weirdness & Mutations

You have a beak for a mouth.
You have claws for feet.
Your magical nature lets you fly swiftly and evasively.


Message History

Unknown command.
Aiming: Paralyse
Press: ? - help, Shift-Dir - straight line, f/p - Dowan
Aim: Dowan, wielding a +0 dagger and wearing a +0 robe (chance to affect: 49%) Dowan resists with some effort.
The howler monkey hoots and howls with incredible vigour!
Dowan closely misses you.
You hear an angry hiss.
Found a stone staircase leading down.
Aiming: Paralyse
Press: ? - help, Shift-Dir - straight line, f/p - Dowan
Aim: Dowan, wielding a +0 dagger and wearing a +0 robe (chance to affect: 49%) Dowan suddenly stops moving!
The now-empty wand crumbles to dust.
Unknown command.
The jelly quivers.
Duvessa hits you with a +0 short sword!
You barely miss Duvessa. You claw Duvessa, but do no damage.
You peck Duvessa, but do no damage. Duvessa closely misses you.
The howler monkey hoots and howls with incredible vigour!
You hear an angry hiss.
Unknown command.
You fade into invisibility!
Duvessa closely misses you.
Unknown command.
You strike the helpless Duvessa from behind!
You hit Duvessa but do no damage. You claw Duvessa, but do no damage.
Duvessa misses you. The howler monkey misses you.
Unknown command.
You slash Duvessa! You claw Duvessa. You peck Duvessa, but do no damage.
Duvessa is moderately wounded.
Duvessa hits you with a +0 short sword. The howler monkey hits you.
Duvessa hits you with a +0 short sword!
* * * LOW HITPOINT WARNING * * *
The jelly misses you.
Unknown command.
Unknown command.
You hit Duvessa but do no damage.
Duvessa is moderately wounded.
Duvessa hits you with a +0 short sword!
You die...

#.....#######
#.###.###.......? #.....#
#..######
#####.###..#########
####### #.......e.......
......####.#.##..##.#####
...........#.##.........
...##.###..#.##..J......
##.##.# #..#.##.@.......#
##.##.# #..#.##.eh.......
#...#.###..#.##..........
........)...............
#...#......####.......>.
.#.######..# #.........
.#.........# ######....
.########.## .... .....


You could see Duvessa (can't see you), Dowan (paralysed), a howler monkey (can't
see you) and a jelly.

Vanquished Creatures
  Prince Ribbit (D:7)
  A black bear (D:7)
  A necrophage (D:3)
  A howler monkey (D:7)
  A hound (D:7)
  Ijyb (D:3)
  Robin (D:2)
  2 adders
  2 worms
  A dart slug (D:1)
  2 orcs (D:3)
  3 ball pythons
  6 endoplasms
  2 giant cockroaches
  10 goblins
  9 hobgoblins
  3 jackals (D:2)
  10 kobolds
  2 quokkas
  4 bats
  3 frilled lizards
  5 rats
71 creatures vanquished.

Notes
Turn   | Place    | Note
-------+----------+-------------------------------------------
     0 | D:1      | HendSelp the Tengu Monk began the quest for the Orb.
     0 | D:1      | Reached XP level 1. HP: 14/14 MP: 2/2
   443 | D:1      | Reached XP level 2. HP: 13/19 MP: 3/3
   943 | D:1      | Reached skill level 4 in Long Blades
   943 | D:1      | Reached XP level 3. HP: 14/23 MP: 4/4
  1487 | D:2      | Found a faded altar of an unknown god.
  1893 | D:2      | Noticed Robin
  1899 | D:2      | Reached XP level 4. HP: 28/28 MP: 5/5
  1946 | D:2      | Killed Robin
  2535 | D:2      | Found Hujukem's Assorted Antiques.
  3116 | D:3      | Found a shadowy altar of Dithmenos.
  3118 | D:3      | Noticed Ijyb
  3125 | D:3      | Paralysed by Ijyb for 4 turns
  3137 | D:3      | Killed Ijyb
  3138 | D:3      | Reached skill level 5 in Long Blades
  3138 | D:3      | Gained mutation: Your magical nature lets you fly swiftly
                  | and evasively. [Tengu growth]
  3138 | D:3      | Reached XP level 5. HP: 26/32 MP: 7/7
  3632 | D:3      | Reached skill level 1 in Spellcasting
  3961 | D:3      | Identified a scroll of acquirement
  3961 | D:3      | Acquired a manual of Fighting
  3989 | D:4      | You are sucked into a shaft and drop 3 floors!
  3989 | D:7      | Noticed Prince Ribbit
  3997 | D:7      | Killed Prince Ribbit
  3998 | D:7      | Reached skill level 6 in Long Blades
  3998 | D:7      | Reached skill level 5 in Dodging
  3998 | D:7      | Reached XP level 6. HP: 28/37 MP: 10/10
  4089 | D:7      | Noticed a black bear
  4105 | D:7      | Killed a black bear
  4106 | D:7      | Reached XP level 7. HP: 19/41 MP: 11/11
  4296 | D:7      | Reached skill level 7 in Long Blades
  4349 | D:7      | Found a glowing golden altar of the Shining One.
  4430 | D:7      | Noticed Dowan
  4431 | D:7      | Noticed Duvessa
  4448 | D:7      | Slain by Duvessa

Illustrated notes

Levels and vault maps discovered:
D:1:      dpeg_arrival_simpleton_a, layout_basic
D:2:      layout_loops_corners, serial_shops, shop_fountains,
          basic_ecumenical_altar, kennysheep_generic_room_3, uniq_robin
D:3:      layout_basic, mainiacjoe_overflow_paths, minmay_between, uniq_ijyb
D:4:      layout_basic, serial_shops, shop, serial_forest,
          infiniplex_forest_straight_5, infiniplex_forest_pool,
          infiniplex_forest_zigzag_1, infiniplex_forest_lined_room_2,
          infiniplex_forest_straight_4, infiniplex_forest_lined_room_,
          infiniplex_forest_pool, infiniplex_forest_corner_2, uniq_edmund,
          uniq_sigmund
D:7:      layout_loops_ring, tso_metal_star, uniq_prince_ribbit1, uniq_duvessa

Skill      XL: |  1  2  3  4  5  6  7 |
---------------+----------------------+-----
Long Blades    | 4 5 6 7 |  7.0
Dodging        | 4 5 |  5.5
Spellcasting   | 2 |  2.3
Fighting       | |  3.0
Stealth        | |  2.0

Action                   |  1- 3 |  4- 6 |  7- 9 || total
-------------------------+-------+-------+-------++-------
Melee: Falchion          |    48 |       |       ||    48
       Kick              |    13 |    13 |     8 ||    34
       Peck              |     6 |     9 |     2 ||    17
       Long sword        |    17 |    78 |    14 ||   109
       Punch             |       |     1 |       ||     1
Evoke: Wand              |       |     2 |     3 ||     5
  Use: Scroll            |     4 |     6 |       ||    10
       Potion            |     2 |     2 |     1 ||     5
 Stab: Sleeping          |     5 |     2 |       ||     7
       Distracted        |       |     1 |       ||     1
       Paralysed         |       |     2 |       ||     2
       Invisible         |       |       |     1 ||     1
Armor: Robe              |    11 |     8 |     3 ||    22
       Skin              |     4 |    57 |       ||    61
Dodge: Dodged            |    37 |    46 |    14 ||    97

Table legend: (Time is in decaauts)
 A = Elapsed time spent in this place.
 B = Non-inter-level travel time spent in this place.
 C = Inter-level travel time spent in this place.
 D = Time resting spent in this place.
 E = Time spent auto-exploring this place.
 F = Levels seen in this place.
 G = Mean time per level.
                   A        B        C        D        E       F      G
               +--------+--------+--------+--------+--------+-----+--------+
         Total |   4392 |   4309 |     83 |    360 |   3463 |   5 |  878.4 |
       Dungeon |   4392 |   4309 |     83 |    360 |   3463 |   5 |  878.4 |
               +--------+--------+--------+--------+--------+-----+--------+

Top non-repeatable levels by time:
     D:2: 1693 daAuts
     D:1: 1175 daAuts
     D:3: 1078 daAuts
     D:7: 445 daAuts
